 Dungeon Crawl Stone Soup version 0.25-a0-1024-gbfbf38f2cb (webtiles) character file.

Game seed: 17642276196976403799, levelgen mode: deterministic

189 Flugslaktarn the Chopper (level 5, -2/75 HPs)
             Began as a Naga Fighter on May 12, 2020.
             Slain by an ogre
             ... wielding a +0 giant spiked club
              (12 damage)
             ... on level 3 of the Dungeon.
             The game lasted 00:01:28 (3275 turns).

Flugslaktarn the Chopper (Naga Fighter)             Turns: 3275, Time: 00:01:29

Health: -2/75      AC: 22    Str: 20    XL:     5   Next: 68%
Magic:  5/5        EV:  1    Int:  8    God:
Gold:   173        SH:  8    Dex: 10    Spells: 4/4 levels left

rFire    . . .     SeeInvis +   v - +1 hand axe (vamp)
rCold    . . .     Gourm    .   c - +0 kite shield
rNeg     + + +     Faith    .   (armour currently unavailable)
rPois    +         Spirit   .   (helmet currently unavailable)
rElec    .         Reflect  .   (cloak currently unavailable)
rCorr    .         Harm     .   (gloves currently unavailable)
MR       .....     NoTele   +   (no barding)
Stlth    +.........             (no amulet)
HPRegen  0.22/turn              (no ring)
MPRegen  0.09/turn              (no ring)

@: tree-form, drained
A: large, see invisible, slow metabolism 1, spit poison 1, AC +1
a: Spit Poison


You were on level 3 of the Dungeon.
You were not hungry.
You were a tree.
You visited 1 branch of the dungeon, and saw 3 of its levels.

You collected 173 gold pieces.

Inventory:

Hand Weapons
 a - a +0 war axe
 v - a +1 vampiric hand axe (weapon)
   (You found it on level 3 of the Dungeon)
Armour
 b - a +0 scale mail
 c - a +0 kite shield (worn)
 i - a +0 ring mail of cold resistance (melded)
   (You found it on level 2 of the Dungeon)
Jewellery
 j - an uncursed ring of positive energy {unknown}
   (You found it on level 1 of the Dungeon)
 m - a cursed ring of teleportation {unknown}
   (You found it on level 1 of the Dungeon)
 t - an uncursed ring of flight {unknown}
   (You found it on level 3 of the Dungeon)
Wands
 d - a wand of disintegration (12)
   (You took it off Ijyb on level 3 of the Dungeon)
Scrolls
 f - a scroll of teleportation {unknown}
 k - 4 scrolls of identify {unknown}
 l - a scroll of blinking {unknown}
 n - a scroll of magic mapping {unknown}
 p - a scroll of enchant armour {unknown}
 q - a scroll of fog {unknown}
 r - a scroll of enchant weapon {unknown}
 u - a scroll of remove curse {unknown}
Potions
 h - a potion of magic
 o - a potion of brilliance {unknown}
 s - a potion of mutation {unknown}
 w - a potion of flight {unknown}
Comestibles
 e - 2 rations
 x - 5 chunks of flesh


   Skills:
 + Level 3.8(2.9) Fighting
 * Level 3.8(3.0) Axes
 + Level 3.1(2.3) Armour
 + Level 3.1(2.2) Shields


You had 4 spell levels left.
You didn't know any spells.
Your spell library was empty.

Dungeon Overview and Level Annotations

Branches:
Dungeon (3/15)

Altars:

Annotations:
D:3 2 transporters, Killmatronix's ghost, amateur OpHu


Innate Abilities, Weirdness & Mutations

You cannot wear boots.
((Your serpentine skin is tough. (AC +1)))
You have supernaturally acute eyesight. (SInv)
((Armour fits poorly on your strangely shaped body.))
((Your system is resistant to poisons. (rPois)))
((You cover ground very slowly.))
You have a slow metabolism.
You can spit poison.


Message History

The ogre hits you but does no damage.
You slash the ogre!
You feel better.
The ogre is severely wounded.
You completely miss the ogre.
The ogre is severely wounded.
The ogre hits you with a +0 giant spiked club!
* * * LOW HITPOINT WARNING * * *
You closely miss the ogre.
The ogre is severely wounded.
You block the ogre's attack.
You hit the ogre but do no damage.
The ogre is severely wounded.
The ogre hits you but does no damage.
You barely miss the ogre.
The ogre is severely wounded.
The ogre completely misses you.
You barely miss the ogre.
The ogre is severely wounded.
The ogre hits you with a +0 giant spiked club!
You die...

##### #.##.# #
#÷.#.# #..#.#
##...# #...#
#...# .
##..####### .
#..#.....#
#...#...###♣#
#..[#...# #O#
#...#...# #.#
........>. ..#
###...###.##..#
#... ...#..# ..
####..# #..
...# ##.#


You could see an ogre.

Vanquished Creatures
  Ijyb (D:3)
  9 adders
  2 oozes
  2 worms (D:2)
  2 dart slugs
  2 leopard geckos
  5 bats
  4 giant cockroaches
  6 goblins
  11 hobgoblins
  4 jackals (D:2)
  4 kobolds
  A ball python (D:2)
  6 frilled lizards
  6 rats
65 creatures vanquished.

Notes
Turn   | Place    | Note
-------+----------+-------------------------------------------
     0 | D:1      | Flugslaktarn the Naga Fighter began the quest for the Orb.
     0 | D:1      | Reached XP level 1. HP: 21/21 MP: 1/1
   320 | D:1      | Reached XP level 2. HP: 28/28 MP: 2/2
   728 | D:1      | Reached XP level 3. HP: 32/34 MP: 3/3
  1496 | D:2      | Reached XP level 4. HP: 17/42 MP: 4/4
  2267 | D:2      | Reached XP level 5. HP: 27/49 MP: 5/5
  2646 | D:3      | Found a transporter.
  2649 | D:3      | Found a transporter.
  2649 | D:3      | Noticed Killmatronix's ghost (amateur OpHu)
  2650 | D:3      | Noticed an ogre
  2651 | D:3      | Identified the +4 dire flail "Japt" {speed, rN+}
  2651 | D:3      | Noticed an ogre
  2674 | D:3      | Noticed Ijyb
  2682 | D:3      | Killed Ijyb
  3262 | D:3      | Noticed an ogre
  3275 | D:3      | Slain by an ogre

Illustrated notes

Levels and vault maps discovered:
D:1:      elethiomel_arrival_shortcut, layout_loops_ring,
          hangedman_decor_opposing, grunt_decor_resistance,
          minmay_split_cup_large
D:2:      layout_rooms
D:3:      layout_basic, gammafunk_ghost_smash, first_ration,
          uniq_crazy_yiuf_cottage, uniq_ijyb

Skill      XL: |  1  2  3  4  5 |
---------------+----------------+-----
Axes           | 3 |  3.8
Armour         | 3 |  3.1
Shields        | 3 |  3.1
Fighting       | |  3.8

Action                   |  1- 3 |  4- 6 || total
-------------------------+-------+-------++-------
Melee: War axe           |    94 |   117 ||   211
       Hand axe          |       |    24 ||    24
 Abil: Spit Poison       |     1 |     1 ||     2
  Use: Potion            |       |     3 ||     3
  Eat: Chunk             |       |     6 ||     6
Armor: Scale mail        |    36 |    18 ||    54
       Ring mail         |       |    43 ||    43
       Skin              |       |     2 ||     2
Dodge: Dodged            |    23 |    48 ||    71
Block: Kite shield       |    48 |    91 ||   139

Table legend:
 A = Non-vault XP
 B = Vault XP
 C = Vault XP percentage of total XP
 D = Non-vault monster count
 E = Vault monster count
 F = Vault count percentage of total count
                 A         B        C        D         E       F
            +---------+---------+-------+---------+---------+-------
      Total |     227 |      43 |  15.9 |      60 |       5 |   7.7
            +---------+---------+-------+---------+---------+-------
        D:1 |      34 |       7 |  17.1 |      18 |       4 |  18.2
        D:2 |     133 |       0 |   0.0 |      30 |       0 |   0.0
        D:3 |      60 |      36 |  37.5 |      12 |       1 |   7.7
            +---------+---------+-------+---------+---------+-------
